Map: 汇龙岛 - 天梯版

Players

PtitDrogo - Winner!

  • Race: Protoss Protoss
  • Spawn Location: 5:00

Cloudy

  • Race: Protoss Protoss
  • Spawn Location: 11:00

Event: WCS Valencia 2018

VOD

Have the link to the VOD?

Description

Time

  • Played on: July 12, 2018, 1:36 p.m.
  • Length: 11:11

All games in this series

Show
View Real Time Build Order
Export as new Build Order

PtitDrogo Protoss - Winner!

Build Orders: Phoenix Opening 

Get SALT Encoding   

  12  0:00  Probe  
  13  0:13  Probe  
  14  0:17  Pylon  
  14  0:24  Probe  
  15  0:32  Probe  
  15  0:40  Gateway, Probe  
  16  0:46  Assimilator  
  17  0:50  Probe  
  17  0:54  Assimilator  
  18  0:58  Probe  
  19  1:07  Probe  
  20  1:15  Gateway  
  20  1:17  Probe  
  21  1:28  Cybernetics Core  
  21  1:30  Probe  
  22  1:34  Pylon  
  22  1:42  Probe  
  23  1:54  Probe  
  23  1:55  Warp Gate  
  24  2:04  Stalker x2  
  28  2:13  Pylon  
  28  2:25  Stargate  
  28  2:34  Stalker  
  28  2:35  Stalker  
  31  3:03  Nexus  
  31  3:05  Phoenix  
  33  3:27  Phoenix  
  33  3:30  Probe  
  34  3:39  Pylon  
  34  3:42  Probe  
  35  3:51  Shield Battery  
  35  3:52  Phoenix  
  35  3:55  Probe  
  38  4:08  Probe  
  39  4:10  Stalker  
  39  4:11  Stalker  
  35  4:36  Stalker, Probe  
  38  4:39  Probe  
  39  4:49  Probe x2  
  41  4:55  Phoenix  
  43  5:04  Probe  
  43  5:08  Probe  
  43  5:12  Phoenix  
  45  5:16  Probe  
  45  5:20  Probe  
  49  5:28  Stalker, Probe  
  51  5:34  Stalker  
  54  5:36  Probe  
  54  5:37  Probe  
  56  5:44  Probe  
  55  5:50  Probe  
  55  5:56  Stalker  
  56  5:57  Probe  
  57  6:09  Probe  
  61  6:11  Shield Battery  
  61  6:14  Probe  
  61  6:15  Pylon  
  62  6:20  Robotics Facility  
  62  6:22  Forge  
  62  6:25  Probe  
  60  6:29  Stalker  
  62  6:33  Probe  
  61  6:40  Stalker  
  61  6:50  Protoss Ground Weapons Level 1  
  61  6:51  Phoenix  
  59  6:55  Stalker  
  59  6:58  Probe  
  62  7:05  Probe  
  61  7:09  Assimilator  
  61  7:10  Probe  
  61  7:12  Assimilator  
  61  7:15  Immortal  
  62  7:18  Zealot x2  
  66  7:39  Zealot x2  
  68  7:45  Shield Battery  
  68  7:47  Shield Battery  
  68  7:48  Immortal  
  70  8:04  Twilight Council  
  65  8:08  Stalker x2  
  68  8:14  Protoss Ground Weapons Level 2  
  68  8:16  Gateway  
  68  8:19  Gateway  
  68  8:21  Gateway x2  
  68  8:33  Sentry  
  70  8:35  Pylon  
  70  8:39  Pylon  
  70  8:41  Charge  
  70  8:52  Warp Prism  
  70  9:07  Gateway  
  70  9:09  Templar Archives  
  70  9:12  Gateway  
  70  9:13  Pylon  
  70  9:22  Zealot x3  
  74  9:45  Nexus  
  74  9:46  Pylon  
  74  9:50  High Templar x4  
  82  9:54  Archon x2  
  82  9:56  Zealot  
  84  10:02  Zealot  
  86  10:22  High Templar x2  
  86  10:23  Zealot x5  
  86  10:26  Archon  
  86  10:27  Zealot  
  102  10:47  Zealot  
  94  10:55  Zealot x3  
  94  10:56  Zealot x3  
  82  11:11  Zealot x2  
Show
View Real Time Build Order
Export as new Build Order

Cloudy Protoss 

Build Orders: Oracle Opening 

Get SALT Encoding   

  12  0:02  Probe  
  13  0:14  Probe  
  14  0:21  Pylon  
  14  0:26  Probe  
  15  0:36  Probe  
  15  0:42  Gateway  
  16  0:44  Probe  
  17  0:51  Assimilator  
  17  0:53  Probe  
  18  0:57  Assimilator  
  18  1:06  Probe  
  19  1:14  Probe  
  19  1:15  Gateway  
  20  1:22  Probe  
  20  1:29  Cybernetics Core  
  20  1:32  Probe  
  21  1:39  Pylon  
  22  1:44  Probe  
  23  1:57  Probe  
  24  2:05  Adept x2  
  24  2:06  Warp Gate  
  28  2:15  Pylon  
  28  2:25  Stargate  
  28  2:28  Pylon  
  28  2:36  Adept  
  30  2:41  Adept  
  32  3:00  Oracle  
  33  3:05  Adept  
  33  3:08  Adept  
  38  3:38  Pylon  
  38  3:42  Nexus  
  38  3:45  Shield Battery  
  38  3:48  Probe  
  36  4:10  Twilight Council  
  36  4:14  Stalker x2  
  40  4:24  Blink  
  38  4:30  Shield Battery  
  32  4:36  Gateway  
  32  4:39  Shield Battery  
  32  4:42  Stalker  
  34  4:48  Stalker  
  32  5:00  Probe  
  32  5:06  Stalker  
  35  5:13  Stalker  
  37  5:20  Probe x2  
  39  5:31  Stalker  
  39  5:34  Probe x2  
  43  5:39  Stalker  
  45  5:44  Stalker  
  45  5:55  Probe  
  46  5:58  Stalker  
  46  5:59  Probe  
  49  6:05  Stalker  
  49  6:07  Probe  
  49  6:11  Stalker, Probe  
  54  6:19  Probe  
  54  6:21  Stalker  
  54  6:23  Probe  
  58  6:32  Stalker  
  54  6:34  Probe  
  54  6:36  Pylon  
  45  6:55  Stalker x3  
  45  6:56  Probe x2  
  52  7:04  Probe  
  52  7:05  Probe  
  52  7:12  Probe  
  52  7:13  Probe  
  54  7:15  Pylon  
  56  7:25  Charge  
  56  7:34  Stalker x3  
  62  7:38  Probe x2  
  62  7:50  Probe  
  63  7:55  Probe  
  62  8:03  Probe  
  61  8:07  Probe  
  61  8:10  Nexus  
  61  8:12  Pylon  
  62  8:15  Probe  
  62  8:16  Gateway  
  62  8:17  Gateway  
  62  8:19  Probe  
  64  8:23  Gateway  
  64  8:27  Probe  
  64  8:31  Probe  
  64  8:32  Gateway  
  64  8:33  Sentry  
  68  8:39  Probe  
  68  8:40  Gateway  
  69  8:45  Assimilator  
  69  8:47  Assimilator  
  69  8:48  Templar Archives  
  66  9:01  Zealot x3  
  70  9:11  Pylon  
  70  9:13  Probe x2  
  70  9:16  Zealot  
  70  9:17  Zealot  
  76  9:22  Pylon  
  76  9:25  Probe  
  76  9:26  Zealot x2  
  79  9:32  Zealot  
  79  9:37  Zealot x2  
  85  9:40  Probe x2  
  85  9:42  Probe  
  88  9:53  Robotics Facility, Probe x2  
  88  9:55  Probe  
  91  10:05  Probe x2  
  91  10:06  Zealot x2  
  97  10:08  Probe  
  97  10:09  High Templar x2  
  97  10:11  High Templar x2  
  106  10:15  Pylon  
  106  10:16  Archon  
  106  10:17  Archon  
  106  10:20  Zealot  
  108  10:24  Pylon  
  108  10:31  Pylon  
  106  10:35  Zealot x3  
  110  10:46  Zealot x5  
  104  10:56  Zealot x3  
Tags
 
Add a new tag
Caveats
  • Supply blocks, unpowered buildings, or Contaminate may cause inaccurate times.
  • Supply counts are checked every 10 seconds.